 Dungeon Crawl Stone Soup version 0.29.1-15-g9cfb28693d (webtiles) character file.

Game seed: 7781661419466098891

2570 hawla the Arsonist (level 10, -2/72 HPs)
             Began as a Meteoran Fire Elementalist on May 1, 2023.
             Slain by a two-headed ogre
             ... wielding the +11 great mace of Disharmony {vorpal, *Corrode rN+ Will++ Dex+2}
              (8 damage)
             ... on level 6 of the Dungeon.
             The game lasted 00:20:01 (3158 turns).

hawla the Arsonist (Meteoran Fire Elementalist)     Turns: 3158, Time: 00:20:01

Health: -2/72      AC:  3    Str: 17    XL:     10   Next: 11%
Magic:  18/32      EV: 14    Int: 20    God:
Gold:   277        SH:  0    Dex: 15    Spells: 19/26 levels left

rFire   . . .      SeeInvis .   m - +4 short sword (protect)
rCold   . . .      Faith    .   (no shield)
rNeg    . . .      Spirit   .   a - +1 robe
rPois   .          Reflect  .   (no helmet)
rElec   .          Harm     .   (no cloak)
rCorr   .          Rampage  .   (no gloves)
Will    +....                   (no boots)
Stlth   +.........              (no amulet)
HPRegen 0.22/turn               c - ring of magical power
MPRegen 0.23/turn               q - +6 ring of strength

@: glowing
A: sense surroundings 2, otherworldly, glowing, explore regen
a: no special abilities


You were on level 6 of the Dungeon.
You visited 2 branches of the dungeon, and saw 7 of its levels.
You also visited: Sewer and Ossuary.

You collected 277 gold pieces.

Inventory:

Hand Weapons
 m - a +4 short sword of protection (weapon)
Armour
 a - a +1 robe (worn)
Magical Staves
 t - a staff of earth
Jewellery
 b - a ring of protection from cold
 c - a ring of magical power (left hand)
 i - a ring of willpower
 j - a ring of wizardry
 q - a +6 ring of strength (right hand)
Wands
 d - a wand of flame (2) (quivered)
 k - a wand of polymorph (10)
 v - a wand of paralysis (5)
Scrolls
 e - 3 scrolls of teleportation
 g - a scroll of fear
 h - a scroll of butterflies
 r - a scroll of noise {unknown}
 u - a scroll of identify
Potions
 f - 6 potions of curing
 l - 4 potions of heal wounds
 n - 3 potions of flight
 o - a potion of lignification
 p - a potion of attraction {unknown}
 s - a potion of mutation {unknown}


   Skills:
 + Level 1.5 Fighting
 + Level 0.2 Short Blades
 + Level 5.0 Dodging
 - Level 1.4 Stealth
 + Level 8.6 Spellcasting
 + Level 7.7 Conjurations
 + Level 9.2 Fire Magic
 + Level 3.0 Evocations


You had 19 spell levels left.
You knew the following spells:

 Your Spells              Type           Power      Damage    Failure   Level
a - Foxfire               Conj/Fire      100%       2x1d9     1%          1
b - Scorch                Fire           90%        2d9       1%          2
c - Flame Wave            Conj/Fire      42%        2d11      2%          4

Your spell library contained the following spells:

 Spells                   Type           Power      Damage    Failure   Level
 Conjure Flame            Conj/Fire      42%        6-21      1%          3
 Inner Flame              Hex/Fire       27%        N/A       3%          3
 Blink                    Tloc           16%        N/A       12%         2
 Lesser Beckoning         Tloc           8%         N/A       24%         3
 Manifold Assault         Tloc           8%         N/A       92%         5


Dungeon Overview and Level Annotations

Branches:
Dungeon (6/15) Zot: 1209   Temple (1/1) D:4 Zot: 557   Sewer (visited)
Ossuary (visited)

Altars:
Cheibriados
Dithmenos
Okawaru
Qazlal
Ru
Sif Muna
Uskayaw
Wu Jian
Zin
The Shining One
Lugonu

Annotations:
D:6 1 transporter, monsoonserge's ghost, novice PaWr


Innate Abilities, Weirdness & Mutations

You passively map the area around you.
You are easily found by Zot.
You glow in the dark.
You regain HP and MP as you explore.


Message History

Your foxfire completely resists.
The flame wave engulfs your foxfire.
Your foxfire completely resists. (Press . to intensify the flame waves.)
The foxfire hits the two-headed ogre but does no damage.
The two-headed ogre is lightly wounded.
The foxfire hits the two-headed ogre.
The two-headed ogre is lightly wounded.
Monsoonserge's ghost barely misses you.
A wave of flame ripples out!
The flame wave engulfs monsoonserge's ghost!
Monsoonserge's ghost is burned terribly!
Monsoonserge's ghost is moderately damaged.
The flame wave engulfs the two-headed ogre.
The two-headed ogre is moderately wounded.
Monsoonserge's ghost is no longer more vulnerable to fire.
The two-headed ogre hits you with the +11 great mace of Disharmony {vorpal, *Corrode rN+ Will++ Dex+2}!!
The two-headed ogre completely misses you.
Monsoonserge's ghost says, "I am made of steel!"
Monsoonserge's ghost hits you.
A wave of flame ripples out!
The flame wave engulfs monsoonserge's ghost!!
Monsoonserge's ghost is heavily damaged.
The flame wave engulfs the two-headed ogre!
The two-headed ogre is heavily wounded.
The flame wave engulfs the ogre!!
You kill the ogre!
You finish channelling waves of flame.
Monsoonserge's ghost casts a spell.
Monsoonserge's ghost blinks!
Your Dodging skill increases to level 5!
Unknown command.
Casting: Flame Wave (dangerous; 2% risk of failure)
Confirm with . or Enter, or press ? or * to list all spells.
Flames lash the two-headed ogre.
The two-headed ogre is severely wounded.
The two-headed ogre's fire resistance burns away.
The two-headed ogre hits you with the +11 great mace of Disharmony {vorpal, *Corrode rN+ Will++ Dex+2}!!
* * * LOW HITPOINT WARNING * * *
You die...

.####.....#########..............
.# ###....##..8...8.............
.### ###........................
...####..<.....8...8.............
.................##..............
#................................
##...............................
##........#############.....(....
#.........#.....@....©#..........
#.........#..##.O)##..#..........
##........#.#..#)#..#.#..........
#........#.#..#.#..#.#..........
##.......#..##...##..#..........
##......#..O.?W(.O..##.........
##...(.###############........
##.........©.©.....###....###
##..#.............# ##.###


You could see a two-headed ogre (combustible) and monsoonserge's ghost.

Vanquished Creatures
  A steam dragon (D:6)
  A water moccasin (D:5)
  3 ogres
  A centaur (D:5)
  A phantom (D:6)
  2 kobold brigands (Sewer)
  A necrophage (D:2)
  15 scorpions
  A howler monkey (D:4)
  5 centaur zombies (Ossuary)
  3 hounds
  3 iguanas
  4 scorpion zombies (Ossuary)
  5 orc wizards
  3 mummies (Ossuary)
  6 adders
  6 gnolls
  A shadow imp (D:5)
  2 white imps (D:6)
  A worm (D:4)
  A dart slug (D:4)
  13 orcs
  5 ball pythons
  4 bats
  6 endoplasms
  2 giant cockroaches
  A gnoll zombie (Ossuary)
  2 hobgoblins
  2 jackals (Sewer)
  3 quokkas
  7 goblins
  4 goblin zombies (Ossuary)
  2 hobgoblin zombies (Ossuary)
  9 kobolds
  5 kobold zombies (Ossuary)
  7 rats
138 creatures vanquished.

Vanquished Creatures (collateral kills)
  A gnoll (D:2)
1 creature vanquished.

Vanquished Creatures (others)
  324 foxfires
324 creatures vanquished.

Grand Total: 463 creatures vanquished

Notes
Turn   | Place    | Note
-------+----------+-------------------------------------------
     0 | D:1      | hawla the Meteoran Fire Elementalist began the quest for
                  | the Orb.
     0 | D:1      | Reached XP level 1. HP: 14/14 MP: 5/5
    54 | D:1      | Reached XP level 2. HP: 20/20 MP: 3/6
    92 | D:1      | Reached skill level 4 in Fire Magic
   187 | D:2      | Reached XP level 3. HP: 26/26 MP: 5/8
   190 | D:2      | Learned a level 2 spell: Scorch
   254 | D:2      | Reached XP level 4. HP: 9/33 MP: 0/9
   257 | D:2      | HP: 2/49 [gnoll/+0 club (2)]
   262 | D:2      | Reached skill level 5 in Fire Magic
   572 | D:2      | Noticed a necrophage
   580 | D:2      | Killed a necrophage
   581 | D:2      | Reached XP level 5. HP: 32/38 MP: 0/11
   690 | D:3      | Reached XP level 6. HP: 45/45 MP: 9/12
   794 | D:4      | Found a staircase to the Ecumenical Temple.
   799 | D:4      | Reached skill level 6 in Fire Magic
   821 | Temple   | Entered the Ecumenical Temple
   955 | D:4      | Reached XP level 7. HP: 51/51 MP: 3/15
  1255 | D:4      | Found a sand-covered staircase.
  1288 | Ossuary  | Entered an ossuary
  1302 | Ossuary  | Reached skill level 5 in Spellcasting
  1322 | Ossuary  | Learned a level 4 spell: Flame Wave
  1349 | Ossuary  | Reached XP level 8. HP: 36/58 MP: 1/17
  1373 | Ossuary  | Reached skill level 5 in Conjurations
  1444 | Ossuary  | Reached skill level 1 in Evocations
  1567 | Ossuary  | Reached skill level 1 in Fighting
  1573 | Ossuary  | Reached skill level 7 in Fire Magic
  1573 | Ossuary  | Gained mutation: You passively map the area around you.
                  | [Meteoran growth]
  1573 | Ossuary  | Reached XP level 9. HP: 21/64 MP: 0/19
  1788 | Ossuary  | Glimpsed the power of Zot.
  1844 | D:5      | Entered Level 5 of the Dungeon
  1989 | D:5      | Found a glowing drain.
  2001 | Sewer    | Entered a sewer
  2075 | Sewer    | Reached skill level 8 in Fire Magic
  2100 | Sewer    | Found a white marble altar of Elyvilon.
  2335 | D:6      | Found a transporter.
  2335 | D:6      | Noticed monsoonserge's ghost (novice PaWr)
  2336 | D:6      | Identified the +11 great mace of Disharmony {vorpal,
                  | *Corrode rN+ Will++ Dex+2}
  2336 | D:6      | Noticed a two-headed ogre
  2340 | D:6      | Found a transporter.
  2517 | D:6      | Found a snail-covered altar of Cheibriados.
  2637 | D:6      | Reached XP level 10. HP: 43/72 MP: 23/23
  2641 | D:6      | Reached skill level 9 in Fire Magic
  3158 | D:6      | Reached skill level 5 in Dodging
  3158 | D:6      | Slain by a two-headed ogre

Illustrated notes

Levels and vault maps discovered:
D:1:      nicolae_arrival_memento_mori, layout_basic,
          hellmonk_ecumenical_altar_blasted, serial_shops,
          nicolae_shop_bloodbath_and_beyond
D:2:      layout_rooms
D:3:      layout_basic, doesnt_xom_only_xom, mainiacjoe_overflow_alcove_2,
          gammafunk_ghost_split, serial_shops, shop, uniq_robin, uniq_natasha
D:4:      layout_gridville, minmay_temple_entry_grid,
          nicolae_ossuary_entry_ruins
D:5:      layout_cave_pools, cheibrodos_sewer_entry_drain, dk_vineyard_2
D:6:      layout_cave_pods, kennysheep_little_box, gammafunk_ghost_smash,
          serial_column_ruins, column_ruins_columns_plus,
          column_ruins_corridor_corner, column_ruins_corridor_dead_end,
          column_ruins_open_large, column_ruins_open_medium,
          column_ruins_corridor_straight
Temple:   corrupted_temple

Skill      XL: |  1  2  3  4  5  6  7  8  9 10 |
---------------+-------------------------------+-----
Fire Magic     | 4 5 6 7 8 9 |  9.2
Spellcasting   | 3 4 5 6 8 |  8.6
Dodging        | 3 4 5 |  5.0
Conjurations   | 2 4 6 7 |  7.7
Evocations     | 3 |  3.0
Fighting       | 1 |  1.5
Short Blades   | |  0.2
Stealth        | |  1.4

Action                   |  1- 3 |  4- 6 |  7- 9 | 10-12 || total
-------------------------+-------+-------+-------+-------++-------
Melee: Unarmed           |     4 |     4 |    46 |       ||    54
       Punch             |       |       |     1 |       ||     1
       Short sword       |       |       |     2 |     6 ||     8
 Cast: Foxfire           |    25 |    37 |   121 |     6 ||   189
       Scorch            |       |    11 |    34 |     7 ||    52
       Flame Wave        |       |       |    11 |     1 ||    12
  Use: Scroll            |     1 |     2 |     7 |       ||    10
       Potion            |       |     4 |     8 |       ||    12
Armor: Robe              |     2 |     4 |    35 |     4 ||    45
       Skin              |       |     8 |       |       ||     8
Dodge: Dodged            |     2 |     9 |    71 |     4 ||    86
